cohdb
Replays
Latest Replays
All Replays
Popular Replays
Top Player Replays
Match Explorer
How It Works
Community
CoH3 Stats
Reddit
Sign in to upload your games and track your stats! →
Sign in with Steam
Match 39008240
Unlisted
Match 39008240
Overview
Messages
Build Orders
End
Construct Section Command Post
Vickers Machine Gun Team
ML 3-inch Mortar Team
Royal Engineer Section
Selects Air and Sea Battlegroup
Infantry Section
Infantry Section
Grenade Package
Construct Platoon Command Post
Selects Supply Surplus
Construct Field Infirmary
Selects Commando Section Paradrop
Selects Commando Support Section Paradrop
Commando Section Paradrop
Commando Section Paradrop
Construct Resource Cache
Construct Company Command Post
Crusader II Medium Tank
Selects Incendiary Bombing Run
Crusader II Medium Tank
Crusader II Medium Tank
Crusader II Medium Tank
Crusader II Medium Tank
Incendiary Bombing Run
Selects Centaur Medium Tank
Selects Naval Bombardment
Incendiary Bombing Run
SODA
100%eighty
[USS] Felthecat
既定之天命
Nuclear Viking
General Rommel
magazinwastaken
nicolasgps
0
0
Comments
sign in to comment!
No comments posted yet!